 Dungeon Crawl Stone Soup version 0.18.1-47-g9310371 (webtiles) character file.

5430 spiff the Archer (level 10, 0/53 HPs)
             Began as a Spriggan Arcane Marksman on June 23, 2016.
             Was a Believer of Fedhas.
             Shot with a sling bullet by Joseph (3 damage)
             ... on level 9 of the Dungeon.
             The game lasted 00:48:01 (13005 turns).

spiff the Archer (Spriggan Arcane Marksman)        Turns: 13005, Time: 00:48:02

Health: 0/53       AC: 10    Str: 12    XL:     10   Next: 40%
Magic:  10/19      EV: 19    Int: 16    God:    Fedhas [**....]
Gold:   469        SH:  0    Dex: 21    Spells: 4 memorised, 9 levels left

rFire  . . .     SeeInvis +     K - +2 dagger (protect)
rCold  . . .     Gourm    .     I - +2 robe of Aduz {Dex+3}
rNeg   . . .     Faith    .     (shield restricted)
rPois  .         Spirit   .     (helmet restricted)
rElec  .         Dismiss  .     u - +0 cloak
rCorr  .         Reflect  .     (gloves unavailable)
SustAt .         Harm     .     (boots unavailable)
MR     ++...                    y - amulet of regeneration
Stlth  ++........               F - ring of protection from magic
                                l - +5 ring of strength

@: lethally poisoned (0 -> -1), very quick, very resistant to hostile
enchantments, unstealthy
A: unfitting armour, see invisible, herbivore 3, speed 3, slow metabolism 2
a: Evolution, Sunlight, Renounce Religion


You were on level 9 of the Dungeon.
You worshipped Fedhas.
Fedhas was pleased with you.
You were hungry.

You visited 2 branches of the dungeon, and saw 10 of its levels.

You collected 469 gold pieces.

Inventory:

Hand Weapons
 a - a +0 shortbow
 K - a +2 dagger of protection (weapon)
Missiles
 d - 31 arrows
Armour
 u - a +0 cloak (worn)
 I - the +2 robe of Aduz (worn) {Dex+3}
   (You found it on level 8 of the Dungeon)

   It affects your dexterity (+3).
Jewellery
 l - a +5 ring of strength (left hand)
 o - an uncursed amulet of guardian spirit
 p - an uncursed ring of positive energy
 t - a +2 ring of strength
 y - an amulet of regeneration (around neck)
 D - an uncursed ring of protection from fire
 F - a ring of protection from magic (right hand)
 J - an uncursed ring of protection from cold
Wands
 x - a wand of lightning (6/15)
 B - a wand of flame (20/48)
 E - a wand of paralysis (12/24)
 H - a wand of flame (19/48)
 M - a wand of random effects (10/48)
 R - a wand of confusion (25/48)
Scrolls
 e - 2 scrolls of magic mapping
 h - 6 scrolls of identify
 i - 2 scrolls of enchant weapon {unknown}
 j - 4 scrolls of remove curse
 q - 2 scrolls of fear
 s - 3 scrolls of teleportation
 v - 2 scrolls of noise {unknown}
 C - 2 scrolls of blinking
 N - a scroll of recharging {unknown}
 O - a scroll of enchant armour {unknown}
 S - a scroll of brand weapon {unknown}
 T - a scroll of acquirement {unknown}
Potions
 b - a potion of might {unknown}
 g - 2 potions of mutation {unknown}
 k - a potion of resistance {unknown}
 m - 7 potions of curing {unknown}
 n - 2 potions of cure mutation
 r - a potion of haste {unknown}
 z - 4 potions of agility
 A - 3 potions of degeneration {unknown}
 G - a potion of brilliance {unknown}
 P - a potion of beneficial mutation {unknown}
Books
 c - a book of Debilitation

   Spells                             Type                      Level
   a - Corona                         Hexes                        1
   b - Slow                           Hexes                        2
   c - Gell's Gravitas                Hexes/Translocation          3
   d - Inner Flame                    Hexes/Fire                   3
   e - Cause Fear                     Hexes                        4
   f - Leda's Liquefaction            Hexes/Earth                  4
 w - a book of Annihilations

   Spells                             Type                      Level
   a - Poison Arrow                   Conjuration/Poison           6
   b - Chain Lightning                Conjuration/Air              8
   c - Lehudib's Crystal Spear        Conjuration/Earth            8
   d - Glaciate                       Conjuration/Ice              9
   e - Fire Storm                     Conjuration/Fire             9
Comestibles
 f - 8 bread rations
 L - 9 slices of pizza
 Q - 3 fruits


   Skills:
 + Level 5.7 Fighting
 + Level 7.3 Short Blades
 - Level 12.5 Bows
 - Level 3.0 Dodging
 - Level 5.4 Spellcasting
 - Level 6.1 Hexes


You had 9 spell levels left.
You knew the following spells:

 Your Spells              Type           Power        Failure   Level  Hunger
a - Corona                Hex            ###....      1%          1    None
e - Cause Fear            Hex            ###.......   14%         4    ####...
i - Inner Flame           Hex/Fire       ##......     14%         3    ###....
s - Slow                  Hex            ###.....     1%          2    #......


Dungeon Overview and Level Annotations

Branches:
Dungeon (9/15)             Temple (1/1) D:6            Lair (0/8) D:9
    Orc: D:9-12

Altars:
Ashenzari
Cheibriados
Dithmenos
Elyvilon
Fedhas
Gozag
Kikubaaqudgha
Nemelex Xobeh
Okawaru
Pakellas
Qazlal
Ru
Sif Muna
Vehumet
Xom
Yredelemnul
Zin
The Shining One

Annotations:
D:6 exclusion: statue, Prince Ribbit
D:9 Joseph


Innate Abilities, Weirdness & Mutations

You are tiny and cannot use many weapons and most armour.
You have supernaturally acute eyesight.
You are a herbivore.
You cover ground extremely quickly.
You need consume almost no food.


Message History

Joseph unwields an uncursed quarterstaff of protection.
Joseph wields a runed hunting sling.
It bursts into flame!
Joseph shoots a sling bullet.
The sling bullet hits you. The sling bullet burns you.
You feel sick.
Casting: Slow
Confirm with . or Enter, or press ? or * to list all spells.
Aiming: Slow
Press: ? - help, Shift-Dir - straight line, f - Joseph
Aim: Joseph, wielding a hunting sling of flaming and wearing a ring mail (chance to defeat MR: 45%) Joseph resists with some effort.
Joseph shoots a sling bullet.
The sling bullet hits you! The sling bullet burns you.
Joseph shoots a sling bullet.
The sling bullet hits you! The sling bullet burns you.
You see here a sling bullet.
Joseph shoots a sling bullet.
The sling bullet hits you!
* * * LOW HITPOINT WARNING * * *
The sling bullet burns you.
You die...
Fedhas appreciates your contribution to the ecosystem.

.............
.......................
......................
.....................
....................
#..............#####
###########...##########.#####
.....<....!...................
........รท(.(.@................
######@#############.........
#.# #...######
#.#############...#
#####.................######
.............................
#########....................
######..###########..#####
........###########..#####


You could see Joseph.

Vanquished Creatures
  Grinder (D:5)
  7 yaks
  A human (D:8)
  The ghost of Malvoorn the Twirler, an amateur DsGl (D:3)
  2 hippogriffs
  Menkaure (D:6)
  2 insubstantial wisps (D:9)
  Duvessa (D:6)
  2 orc warriors
  5 ice beasts
  6 sky beasts
  A black bear (D:7)
  A phantom (D:8)
  3 ogres
  2 centaurs
  A crocodile (D:9)
  2 giant frogs
  A gnoll sergeant (D:3)
  A wyvern skeleton (D:8)
  A scorpion (D:9)
  Dowan (D:6)
  A howler monkey (D:5)
  3 crimson imps
  4 hounds
  A giant frog zombie (D:5)
  4 orc wizards
  3 orc priests
  An iguana (D:8)
  A centaur skeleton (D:8)
  7 worker ants
  A hound skeleton (D:4)
  Robin (D:2)
  5 gnolls
  8 adders
  A river rat (D:9)
  4 shadow imps
  5 oozes
  2 worms (D:5)
  2 dart slugs
  7 giant geckos
  24 orcs
  A ball python (D:5)
  4 giant cockroaches
  14 goblins
  6 hobgoblins
  13 jackals
  12 kobolds
  7 quokkas
  17 bats
  4 giant newts
  2 quokka skeletons (D:6)
  7 rats
215 creatures vanquished.

Vanquished Creatures (others)
  A worker ant zombie (D:7)
  7 fungi (D:9)
  75 toadstools
83 creatures vanquished.

Grand Total: 298 creatures vanquished

Notes
Turn   | Place    | Note
--------------------------------------------------------------
     0 | D:1      | spiff the Spriggan Arcane Marksman began the quest for the Orb.
     0 | D:1      | Reached XP level 1. HP: 9/9 MP: 3/3
    27 | D:1      | Reached skill level 3 in Bows
    27 | D:1      | Reached XP level 2. HP: 14/14 MP: 5/5
   556 | D:1      | Reached skill level 4 in Bows
   629 | D:1      | Reached XP level 3. HP: 9/17 MP: 3/6
  1643 | D:1      | Reached skill level 5 in Bows
  1927 | D:2      | Noticed Robin
  2036 | D:2      | Killed Robin
  2036 | D:2      | Reached XP level 4. HP: 21/21 MP: 5/7
  2957 | D:2      | Found a sparkling altar of Nemelex Xobeh.
  2966 | D:2      | Found an oddly glowing altar of Pakellas.
  2972 | D:2      | Found a sacrificial altar of Ru.
  2978 | D:2      | Found an iron altar of Okawaru.
  2980 | D:2      | Found a stormy altar of Qazlal.
  3097 | D:2      | Found a deep blue altar of Sif Muna.
  3149 | D:3      | Noticed Malvoorn's ghost (amateur DsGl)
  3372 | D:3      | Reached XP level 5. HP: 23/25 MP: 7/9
  3377 | D:3      | Learned a level 2 spell: Slow
  3477 | D:3      | Killed Malvoorn's ghost
  3477 | D:3      | Reached skill level 5 in Hexes
  3477 | D:3      | Reached XP level 6. HP: 26/29 MP: 10/12
  4526 | D:3      | Reached skill level 5 in Spellcasting
  4753 | D:4      | Found a glowing golden altar of the Shining One.
  5044 | D:4      | Reached XP level 7. HP: 18/32 MP: 16/16
  5153 | D:4      | Found a snail-covered altar of Cheibriados.
  5254 | D:4      | Reached skill level 6 in Bows
  5945 | D:5      | Entered Level 5 of the Dungeon
  6142 | D:5      | Reached skill level 7 in Bows
  6526 | D:5      | Noticed Grinder
  6600 | D:6      | Found a staircase to the Ecumenical Temple.
  6610 | Temple   | Entered the Ecumenical Temple
  6626 | Temple   | Became a worshipper of Fedhas Madash
  6856 | D:5      | Reached skill level 8 in Bows
  7000 | D:5      | Learned a level 3 spell: Inner Flame
  7005 | D:5      | Learned a level 4 spell: Cause Fear
  7179 | D:6      | Noticed Menkaure
  7272 | D:6      | Killed Menkaure
  7272 | D:6      | Reached XP level 8. HP: 37/37 MP: 17/17
  7337 | D:6      | Reached skill level 9 in Bows
  7476 | D:6      | Noticed Dowan
  7493 | D:6      | Killed Dowan
  7505 | D:6      | Noticed Duvessa
  7555 | D:6      | Killed Duvessa
  7710 | D:6      | Reached skill level 10 in Bows
  7898 | D:6      | Found a radiant altar of Vehumet.
  8165 | D:7      | Reached skill level 11 in Bows
  8200 | D:7      | Noticed Prince Ribbit
  8363 | D:6      | Reached XP level 9. HP: 27/40 MP: 14/18
  8391 | D:6      | Reached skill level 12 in Bows
  8804 | D:7      | Reached skill level 1 in Fighting
  8926 | D:7      | Reached skill level 1 in Short Blades
  8951 | D:7      | Reached * piety under Fedhas
  9484 | D:8      | Got a silken robe
  9495 | D:8      | Identified the +2 robe of Aduz {Dex+3} (You found it on level 8 of the Dungeon)
 10997 | D:5      | Killed Grinder
 10997 | D:5      | Reached skill level 5 in Short Blades
 11792 | D:9      | Reached XP level 10. HP: 51/51 MP: 17/19
 11869 | D:9      | Reached ** piety under Fedhas
 11899 | D:9      | Found a staircase to the Lair.
 12212 | D:9      | Reached skill level 5 in Fighting
 12999 | D:9      | Noticed Joseph
 13005 | D:9      | Shot with a sling bullet by Joseph

Skill      XL: |  1  2  3  4  5  6  7  8  9 10 |
---------------+-------------------------------+-----
Bows           | 3 4 5 8 11 12 | 12.5
Spellcasting   | 2 3 5 |  5.4
Hexes          | 4 5 6 |  6.1
Fighting       | 4 5 |  5.7
Short Blades   | 5 7 |  7.3
Dodging        | |  3.0

Action                   |  1- 3 |  4- 6 |  7- 9 | 10-12 || total
-------------------------+-------+-------+-------+-------++-------
Melee: Short sword       |    78 |   124 |    86 |       ||   288
       Dagger            |       |       |   118 |   138 ||   256
 Fire: Shortbow          |    42 |   157 |   618 |   123 ||   940
 Cast: Corona            |    23 |    41 |    40 |    19 ||   123
       Slow              |       |     1 |    52 |    23 ||    76
       Cause Fear        |       |       |     6 |       ||     6
  Use: Scroll            |       |       |     9 |       ||     9
 Stab: Sleeping          |       |     1 |     1 |     1 ||     3
  Eat: Bread ration      |       |     1 |     1 |       ||     2
Armor: Robe              |     6 |    35 |    50 |    18 ||   109
Dodge: Dodged            |    72 |   151 |   279 |    96 ||   598
